 Dungeon Crawl Stone Soup version 0.21.0-3-g78d12a8 (webtiles) character file.

81942 ringo67 the Unseen (level 15, -14/73 HPs)
             Began as a Spriggan Enchanter on Jan 7, 2018.
             Was an Initiate of Gozag.
             Killed from afar by a thorn hunter (36 damage)
             ... with a volley of thorns
             ... on level 2 of the Swamp on Jan 9, 2018.
             The game lasted 03:28:51 (35626 turns).

ringo67 the Unseen (Spriggan Enchanter)            Turns: 35626, Time: 03:28:52

Health: -14/73     AC:  9    Str:  4    XL:     15   Next: 28%
Magic:  27/27      EV: 34    Int: 20    God:    Gozag
Gold:   2494       SH:  0    Dex: 20    Spells: 7/29 levels left

rFire    . . .     SeeInvis +   P - +4 quick blade
rCold    + . .     Gourm    .   (shield restricted)
rNeg     . . .     Faith    .   L - +2 robe {rC+}
rPois    .         Spirit   .   T - +2 hat
rElec    .         Reflect  .   (no cloak)
rCorr    .         Harm     .   (gloves unavailable)
MR       ++...                  (boots unavailable)
Stlth    ++++......             Y - amulet of regeneration
HPRegen  0.62/turn              q - +3 ring of protection
MPRegen  0.20/turn              s - +3 ring of evasion

@: about to teleport, slow
A: very small, unfitting armour, see invisible, herbivore, speed 3, slow
metabolism 2
a: Potion Petition, Call Merchant, Bribe Branch, Renounce Religion


You were on level 2 of the Swamp.
You worshipped Gozag.
Gozag was most pleased with you.
You were not hungry.

You visited 4 branches of the dungeon, and saw 23 of its levels.
You also visited: Labyrinth.

You collected 8176 gold pieces.
You spent 1428 gold pieces at shops.
You paid 4254 gold pieces to Gozag.

Inventory:

Hand Weapons
 b - a +0 blowgun
 P - a +4 quick blade (weapon)
 Z - the +4 arbalest "Peedul" {freeze, Int+4 Stlth+}
   (You took it off a minotaur in a labyrinth)

   It causes projectiles fired from it to freeze those they strike, causing
   extra injury to most foes and up to half again as much damage against
   particularly susceptible opponents.
   They can also slow down cold-blooded creatures.
   It affects your intelligence (+4).
   It makes you more stealthy.
Missiles
 l - 7 needles of sleeping (quivered)
 v - 4 curare-tipped needles
 H - 11 poisoned needles
Armour
 j - a +2 robe of positive energy
 L - a +2 robe of cold resistance (worn)
 T - a +2 hat (worn)
Jewellery
 q - a +3 ring of protection (left hand)
 s - a +3 ring of evasion (right hand)
 y - an uncursed ring of ice
 G - an uncursed ring of poison resistance
 M - the ring "Poabauc" {rCorr rPois MR- MP+9}
   (You found it in a labyrinth)

   [ring of resist corrosion]

   It protects you from poison.
   It affects your resistance to hostile enchantments.
   It affects your magic capacity (+9).
 Y - an amulet of regeneration (around neck)
Wands
 g - a wand of paralysis (15)
 D - a wand of disintegration (36)
 O - a wand of polymorph (13)
Scrolls
 a - a scroll of identify
 h - 4 scrolls of teleportation
 m - 5 scrolls of remove curse
 o - 2 scrolls of amnesia
 t - 6 scrolls of immolation
 w - 8 scrolls of magic mapping
 x - 2 scrolls of silence
 K - a scroll of fog
 N - 3 scrolls of enchant armour
 S - 3 scrolls of enchant weapon
Potions
 e - 3 potions of haste
 f - 4 potions of brilliance
 i - 2 potions of agility {unknown}
 n - 3 potions of might {unknown}
 p - 2 potions of berserk rage {unknown}
 r - a potion of lignification {unknown}
 u - 3 potions of resistance {unknown}
 z - 5 potions of flight
 A - 6 potions of curing
 B - 4 potions of magic {unknown}
 C - a potion of invisibility
 F - 6 potions of heal wounds
 J - 3 potions of ambrosia {unknown}
Books
 c - a book of Maledictions

   Spells                             Type                      Level
   a - Corona                         Hexes                        1
   b - Ensorcelled Hibernation        Hexes/Ice                    2
   c - Confuse                        Hexes                        3
   d - Tukima's Dance                 Hexes                        3
   e - Dazzling Spray                 Conjuration/Hexes            3
 V - a book of the Sky

   Spells                             Type                      Level
   a - Summon Lightning Spire         Summoning/Air                4
   b - Silence                        Hexes/Air                    5
   c - Deflect Missiles               Charms/Air                   6
   d - Conjure Ball Lightning         Conjuration/Air              6
   e - Tornado                        Air                          9
 X - a book of Misfortune

   Spells                             Type                      Level
   a - Confusing Touch                Hexes                        1
   b - Confuse                        Hexes                        3
   c - Gell's Gravitas                Translocation                3
   d - Petrify                        Transmutation/Earth          4
   e - Metabolic Englaciation         Hexes/Ice                    5
   f - Yara's Violent Unravelling     Hexes/Transmutation          5
Miscellaneous
 k - a sack of spiders
 U - a lamp of fire
Comestibles
 d - 30 rations


   Skills:
 + Level 5.6 Fighting
 + Level 14.3 Short Blades
 - Level 14.3 Dodging
 + Level 19.5 Stealth
 - Level 7.6 Spellcasting
 + Level 15.7 Hexes
 + Level 5.6 Air Magic


You had 7 spell levels left.
You knew the following spells:

 Your Spells              Type           Power        Failure   Level  Hunger
a - Corona                Hex            ######.      0%          1    None
b - Ensorcelled Hibernat  Hex/Ice        #####.       1%          2    None
c - Confuse               Hex            ######..     1%          3    None
d - Tukima's Dance        Hex            ######..     1%          3    None
e - Dazzling Spray        Conj/Hex       #####.       1%          3    None
f - Airstrike             Air            ####......   9%          4    ###....
g - Deflect Missiles      Chrm/Air       ###.......   99%         6    ######.


Dungeon Overview and Level Annotations

Branches:
Dungeon (12/15)            Temple (0/1) D:7            Lair (6/6) D:9
  Swamp (3/4) Lair:4       Spider (0/4) Lair:2        Slime (0/5) Lair:5
    Orc (2/2) D:9             Elf (0/3) Orc:2

Altars:
Ashenzari
Cheibriados
Fedhas
Gozag
Hepliaklqana
Ru
Sif Muna
Trog
Uskayaw
Vehumet
Xom
Yredelemnul
Zin
Beogh
Jiyva

Shops:
D:11 [}:(   D:12 *   Orc:2 ([%:%*   Lair:3 =((   Lair:4 [


Innate Abilities, Weirdness & Mutations

You are very small and have problems with some larger weapons.
You are too small for most types of armour.
You have supernaturally acute eyesight. (SInv)
You are a herbivore.
You cover ground extremely quickly.
You need consume almost no food.


Message History

You enter the shallow water.
Moving in this stuff is going to be slow.
The thorn hunter fires a volley of thorns at you.
The volley of thorns hits you!
* * * LOW HITPOINT WARNING * * *
You enter the shallow water.
Moving in this stuff is going to be slow.
The thorn hunter gestures.
Thorny briars emerge from the ground!
Why would you want to do that?
As you read the scroll of teleportation, it crumbles to dust.
You feel strangely unstable.
You enter the shallow water.
Moving in this stuff is going to be slow.
The thorn hunter fires a volley of thorns at you.
The volley of thorns misses you.
The thorn hunter fires a volley of thorns at you.
The volley of thorns hits you!
You die...
Your body crumbles into a pile of gold.

...≈§.≈≈≈♣♣..≈≈≈.≈♣ ♣♣♣♣§≈.♣♣.≈
≈≈.≈.≈≈.≈♣♣..≈≈≈.♣♣ ♣....≈.♣≈≈≈
♣♣♣≈..≈....≈≈≈≈≈≈♣ ♣♣≈≈≈≈♣♣♣♣≈≈
♣♣≈.≈...≈..≈≈≈≈..♣ ♣.≈≈≈.≈.≈≈..
≈♣.≈≈≈.§..≈P≈≈≈≈.♣ ♣.≈>..≈≈≈.≈≈
..≈≈≈≈§....PP≈.≈≈♣ ♣≈..≈.≈≈≈≈≈≈
.≈♣≈..≈....PP≈...♣ ♣♣♣♣♣.≈≈≈≈≈≈
...≈.≈≈....PP≈≈..♣♣♣♣♣ ♣≈.≈≈♣≈≈
≈≈§≈≈≈≈.≈..PP.≈≈@≈♣≈.♣♣♣♣♣♣♣≈≈≈≈≈
≈≈..≈≈≈.≈≈.PP.§≈≈§..≈≈♣≈§♣♣♣≈.≈≈≈
..§.≈≈.....PP.≈♣.≈..f..≈≈.....≈≈≈
≈≈..≈≈..≈≈≈PP♣♣♣♣≈.≈≈.≈≈≈≈.≈≈.≈≈≈
≈≈......≈≈≈P♣♣ ♣♣>≈≈≈≈≈≈≈...≈≈≈≈
..♣≈.......§♣♣ ♣..≈≈≈≈≈≈....≈≈f
♣♣♣♣..≈≈.^...♣♣♣ ♣≈..≈≈≈≈≈§≈≈....
≈♣ ♣♣.≈≈...≈...♣♣♣♣≈.≈≈≈≈≈≈≈≈≈≈.≈
≈♣♣♣♣♣♣♣...§≈≈≈≈≈.......≈≈≈≈≈≈.♣♣


You could see a thorn hunter.

Vanquished Creatures
  A thorn hunter (Swamp:2)
  Kirke (Lair:4)
  A minotaur (Lab)
  Josephine (Swamp:1)
  9 hydras
  Harold (Lair:2)
  Erolcha (D:9)
  Fannar (Lair:1)
  A ghost crab (Swamp:2)
  Erica (Lair:2)
  6 alligators
  A centaur warrior (D:12)
  Urug (D:11)
  Nergalle (Lair:4)
  6 orc high priests
  Sonja (D:10)
  3 swamp dragons
  3 ugly things
  15 elephants
  4 black mambas
  Psyche (D:8)
  A gargoyle (D:11)
  4 rime drakes
  A spiny frog (shapeshifter) (D:12)
  8 spiny frogs
  An orange demon (Swamp:2)
  6 komodo dragons
  2 kobold demonologists
  A centaur skeleton (D:10)
  A yaktaur (shapeshifter) (D:11)
  6 polar bears
  6 trolls
  3 meliai
  2 tyrant leeches (Swamp:3)
  2 jumping spiders
  Grinder (D:4)
  A queen bee (Lair:4)
  13 blink frogs
  2 bog bodies
  6 hippogriffs
  3 hornets
  4 slime creatures (Swamp:2)
  2 dream sheep (D:12)
  3 redbacks
  3 spriggans
  4 wraiths (Swamp:1)
  Grum (D:8)
  A vampire (D:9)
  7 hogs
  2 basilisks
  57 yaks
  8 wargs
  A hungry ghost (D:11)
  2 vampire mosquitoes (D:12)
  3 swamp worms
  8 water moccasins
  A soldier ant (D:11)
  2 hell hounds (D:9)
  7 porcupines
  Duvessa (D:6)
  3 sky beasts
  3 black bears
  A phantom (D:10)
  3 swamp drakes
  An ice beast (D:12)
  11 orc warriors
  4 necrophages
  11 ogres
  63 wolves
  13 centaurs
  13 crocodiles
  8 big kobolds
  7 bullfrogs
  4 scorpions
  Dowan (D:6)
  15 wights
  23 killer bees (Lair:4)
  7 electric eels (Lair:4)
  5 howler monkeys
  4 crimson imps
  A bullfrog zombie (D:7)
  2 centaur zombies
  3 quasits
  6 bullfrog skeletons
  4 hounds
  A jelly (D:9)
  34 orc priests
  22 orc wizards
  2 iguanas
  7 worker ants
  2 killer bee zombies
  2 hound zombies
  2 hound skeletons
  A howler monkey zombie (D:7)
  A worker ant zombie (D:5)
  14 gnolls
  18 adders
  4 shadow imps
  2 oozes
  2 adder zombies
  2 worms
  2 dart slugs (D:2)
  3 leopard geckos
  90 orcs
  3 giant cockroaches
  3 goblins
  4 hobgoblins
  8 jackals
  5 quokkas
  3 ball pythons
  5 bats
  5 frilled lizards
  16 kobolds
  2 leopard gecko skeletons
  A leopard gecko zombie (D:7)
  A quokka skeleton (D:4)
  A quokka zombie (D:8)
  8 rats
  A plant (Lair:2)
740 creatures vanquished.

Vanquished Creatures (others)
  A bush (Lair:6)
  18 fungi
  13 plants
32 creatures vanquished.

Grand Total: 772 creatures vanquished

Notes
Turn   | Place    | Note
-------+----------+-------------------------------------------
     0 | D:1      | ringo67 the Spriggan Enchanter began the quest for the Orb.
     0 | D:1      | Reached XP level 1. HP: 9/9 MP: 5/5
   395 | D:1      | Reached XP level 2. HP: 12/13 MP: 6/6
  1452 | D:1      | Learned a level 2 spell: Ensorcelled Hibernation
  1693 | D:2      | Reached XP level 3. HP: 16/16 MP: 8/8
  1711 | D:2      | Reached skill level 5 in Stealth
  2532 | D:2      | Reached XP level 4. HP: 21/21 MP: 2/10
  2866 | D:2      | Reached skill level 6 in Stealth
  2866 | D:2      | Reached XP level 5. HP: 24/24 MP: 4/11
  2982 | D:2      | Reached skill level 5 in Hexes
  3034 | D:3      | Found a shattered altar of Ashenzari.
  3635 | D:3      | Found a bloodstained altar of Trog.
  3635 | D:3      | Noticed an eye of draining
  3693 | D:4      | Reached XP level 6. HP: 28/28 MP: 12/12
  3744 | D:4      | Found a glowing silver altar of Zin.
  4048 | D:4      | Reached skill level 7 in Stealth
  4058 | D:4      | Noticed Grinder
  4861 | D:4      | Killed Grinder
  4861 | D:4      | Reached skill level 8 in Stealth
  4861 | D:4      | Reached XP level 7. HP: 32/32 MP: 13/13
  5626 | D:4      | Reached skill level 5 in Short Blades
  5946 | D:5      | Entered Level 5 of the Dungeon
  7032 | D:4      | Reached skill level 9 in Stealth
  7110 | D:4      | Found a glowing silver altar of Zin.
  7302 | D:6      | Reached XP level 8. HP: 29/36 MP: 9/14
  7794 | D:6      | Noticed Dowan
  7795 | D:6      | Noticed Duvessa
  7801 | D:6      | Killed Dowan
  7804 | D:6      | Killed Duvessa
  7804 | D:6      | Reached skill level 10 in Stealth
  8104 | D:5      | Learned a level 3 spell: Confuse
  8108 | D:5      | Learned a level 3 spell: Tukima's Dance
  8165 | D:6      | Found an opulent altar of Gozag.
  8172 | D:6      | Found a radiant altar of Vehumet.
  8179 | D:6      | Found a sacrificial altar of Ru.
  8195 | D:6      | Found a basalt altar of Yredelemnul.
  8204 | D:6      | Found a blossoming altar of Fedhas.
  8212 | D:6      | Found a shimmering altar of Xom.
  8221 | D:6      | Found a deep blue altar of Sif Muna.
  8235 | D:6      | Became a worshipper of Gozag Ym Sagoz the Greedy
  8366 | D:7      | Learned a level 3 spell: Dazzling Spray
  8427 | D:7      | Found a hazy altar of Hepliaklqana.
  9058 | D:7      | Found a staircase to the Ecumenical Temple.
  9157 | D:7      | Reached XP level 9. HP: 33/39 MP: 10/15
  9171 | D:7      | Reached skill level 11 in Stealth
  9250 | D:7      | Reached skill level 5 in Dodging
 10495 | D:8      | Found a hide-covered altar of Uskayaw.
 10918 | D:8      | Noticed Psyche
 10919 | D:8      | Noticed Grum
 11364 | D:8      | Found a snail-covered altar of Cheibriados.
 11525 | D:8      | Reached skill level 12 in Stealth
 11626 | D:8      | Killed Grum
 11775 | D:8      | Reached skill level 5 in Spellcasting
 11903 | D:8      | Killed Psyche
 11903 | D:8      | Reached XP level 10. HP: 31/44 MP: 13/18
 12283 | D:9      | Noticed Erolcha
 12304 | D:9      | Killed Erolcha
 12304 | D:9      | Reached skill level 10 in Hexes
 12744 | D:9      | Found a staircase to the Lair.
 12784 | D:9      | Found a staircase to the Orcish Mines.
 12989 | D:9      | Reached skill level 13 in Stealth
 13792 | Lair:1   | Entered Level 1 of the Lair of Beasts
 13951 | Lair:1   | Reached XP level 11. HP: 31/46 MP: 14/22
 15002 | Lair:1   | Reached skill level 10 in Dodging
 15043 | D:9      | Reached skill level 14 in Stealth
 15156 | Lair:1   | Reached skill level 10 in Short Blades
 16266 | Lair:1   | Noticed Fannar
 16273 | Lair:1   | Killed Fannar
 16425 | Lair:2   | Noticed a five-headed hydra
 16460 | Lair:2   | Killed a five-headed hydra
 16460 | Lair:2   | Reached skill level 15 in Stealth
 16460 | Lair:2   | Reached XP level 12. HP: 50/50 MP: 14/24
 16909 | Lair:2   | Noticed Erica
 17569 | Lair:2   | Noticed Harold
 17715 | Lair:2   | Killed Erica
 18404 | Lair:2   | Found a hole to the Spider Nest.
 18449 | Lair:2   | Killed Harold
 18449 | Lair:2   | Reached skill level 16 in Stealth
 19647 | Lair:4   | Noticed Kirke
 19700 | Lair:3   | Upgraded the game from 0.21.0 to 0.21.0-3-g78d12a8
 19943 | Lair:4   | Reached XP level 13. HP: 55/55 MP: 19/25
 20910 | Lair:4   | Killed Kirke
 20910 | Lair:4   | Reached skill level 17 in Stealth
 20966 | Lair:4   | Found a staircase to the Swamp.
 21207 | Lair:4   | Noticed Nergalle
 21215 | Lair:4   | Killed Nergalle
 21389 | Orc:1    | Entered Level 1 of the Orcish Mines
 22027 | Orc:2    | Entered Level 2 of the Orcish Mines
 22770 | Orc:2    | Found Kuanoufo's General Store.
 22782 | Orc:2    | Found a staircase to the Elven Halls.
 22845 | Orc:2    | Found Vaymuaxt's Food Boutique.
 23045 | Orc:2    | Found a roughly hewn altar of Beogh.
 23465 | Orc:2    | Found a bloodstained altar of Trog.
 23662 | Orc:2    | Found Vosush's Book Shoppe.
 23720 | Orc:1    | Reached skill level 1 in Fighting
 24275 | Orc:2    | Found Reostrama's Food Boutique.
 24275 | Orc:2    | Found Reaxt's Antique Armour Shoppe.
 24481 | Orc:2    | Bought a glowing hat for 252 gold pieces
 24842 | D:10     | Entered Level 10 of the Dungeon
 25003 | Orc:2    | Bought a book of the Sky for 1040 gold pieces
 25008 | Orc:2    | Learned a level 4 spell: Airstrike
 25015 | Orc:2    | Learned a level 6 spell: Deflect Missiles
 25777 | D:10     | Noticed Sonja
 25784 | D:10     | Killed Sonja
 25784 | D:10     | Reached skill level 1 in Air Magic
 25872 | D:10     | Reached skill level 18 in Stealth
 26157 | D:11     | Found Qich's Book Emporium.
 26196 | D:11     | Found Wiomp's Antique Weapon Shoppe.
 26229 | D:11     | Found a labyrinth entrance.
 26245 | Lab      | Entered a labyrinth
 26485 | Lab      | Noticed a minotaur
 26505 | Lab      | Killed a minotaur
 26510 | Lab      | Got an ancient arbalest
 26525 | Lab      | Got a steaming pewter ring
 26529 | Lab      | Identified the ring "Poabauc" {rCorr rPois MR- MP+9} (You found it in a labyrinth)
 26530 | Lab      | Identified the +4 arbalest "Peedul" {freeze, Int+4 Stlth+} (You took it off a minotaur in a labyrinth)
 26545 | D:11     | Found Baock's Armour Shoppe.
 26569 | D:11     | Found Divoxol's Gadget Boutique.
 26578 | D:11     | Noticed Urug
 26585 | D:11     | Killed Urug
 26740 | D:11     | Reached XP level 14. HP: 63/63 MP: 17/26
 27760 | D:12     | Found a hide-covered altar of Uskayaw.
 28176 | D:12     | Found Odeuc's General Store.
 29441 | Lair:5   | Found a basalt altar of Yredelemnul.
 29949 | Lair:5   | Found a staircase to the Slime Pits.
 29950 | Lair:5   | Found a viscous altar of Jiyva.
 30240 | Lair:5   | Identified a scroll of acquirement
 30301 | Lair:6   | Entered Level 6 of the Lair of Beasts
 30373 | Lair:6   | Reached skill level 15 in Hexes
 32285 | Lair:6   | Reached skill level 19 in Stealth
 32977 | Swamp:1  | Entered Level 1 of the Swamp
 33048 | Lair:4   | Bought a fine robe for 136 gold pieces
 33059 | Lair:4   | Identified the +1 robe of Calculation {rF- rCorr Dex-3 Stlth+} (You bought it in a shop on level 4 of the Lair of Beasts)
 33288 | Swamp:1  | Reached skill level 5 in Fighting
 33472 | Swamp:1  | Noticed Josephine
 33514 | Swamp:1  | Killed Josephine
 34130 | Swamp:2  | Reached XP level 15. HP: 72/72 MP: 20/27
 34169 | Swamp:2  | Reached skill level 5 in Air Magic
 34460 | Swamp:2  | Noticed a thorn hunter
 34468 | Swamp:2  | Killed a thorn hunter
 35202 | Swamp:3  | Noticed a thorn hunter
 35588 | Swamp:3  | Noticed a thorn hunter
 35626 | Swamp:2  | Killed from afar by a thorn hunter

Skill      XL: |  1  2  3  4  5  6  7  8  9 10 11 12 13 14 15 |
---------------+----------------------------------------------+-----
Spellcasting   | 3 5 7 |  7.6
Hexes          | 4 5 6 7 8 9 10 12 13 14 15 | 15.7
Stealth        | 5 6 8 9 10 12 13 15 16 18 19 | 19.5
Short Blades   | 2 3 4 5 7 8 9 10 12 13 14 | 14.3
Dodging        | 4 7 9 11 13 14 | 14.3
Fighting       | 2 5 |  5.6
Air Magic      | 1 4 5 |  5.6

Action                   |  1- 3 |  4- 6 |  7- 9 | 10-12 | 13-15 || total
-------------------------+-------+-------+-------+-------+-------++-------
Melee: Dagger            |    97 |    53 |   502 |   351 |   483 ||  1486
       Quick blade       |       |       |       |       |   246 ||   246
 Cast: Ensorcelled Hiber |    10 |    40 |   106 |   279 |   444 ||   879
       Confuse           |       |       |    28 |    25 |   110 ||   163
       Dazzling Spray    |       |       |       |       |    12 ||    12
Invok: Call Merchant     |       |       |       |     3 |     2 ||     5
  Use: Scroll            |       |     4 |     5 |    10 |    23 ||    42
       Potion            |       |     1 |       |     2 |       ||     3
 Stab: Sleeping          |    11 |    34 |    60 |   132 |   291 ||   528
       Confused          |       |       |    17 |    16 |    62 ||    95
       Distracted        |       |       |     8 |     7 |    15 ||    30
       Invisible         |       |       |       |       |     1 ||     1
  Eat: Ration            |       |     2 |     6 |     4 |     8 ||    20
Armor: Robe              |     7 |     3 |    38 |    29 |    29 ||   106
Dodge: Dodged            |   101 |    43 |   303 |   346 |   706 ||  1499
